 Dungeon Crawl Stone Soup version 0.23.2-1-ga50397a6bc (webtiles) character file.

Game seed: 2962299957001702222

46 Norn the Magician (level 3, -5/23 HPs)
             Began as an Octopode Wizard on May 4, 2019.
             Slain by Sigmund
             ... wielding a +0 scythe
              (6 damage)
             ... on level 2 of the Dungeon.
             The game lasted 00:03:03 (1445 turns).

Norn the Magician (Octopode Wizard)                 Turns: 1445, Time: 00:03:03

Health: -5/23      AC:  1    Str:  6    XL:     3   Next: 68%
Magic:  3/7        EV: 13    Int: 21    God:
Gold:   72         SH:  0    Dex: 10    Spells: 5/8 levels left

rFire    . . .     SeeInvis .   (no weapon)
rCold    . . .     Gourm    .   (no shield)
rNeg     . . .     Faith    .   a - +0 hat
rPois    .         Spirit   .   (no amulet)
rElec    .         Reflect  .   (no ring)
rCorr    .         Harm     .   (no ring)
MR       .....                  (no ring)
Stlth    ++........             (no ring)
HPRegen  0.07/turn              (no ring)
MPRegen  0.10/turn              (no ring)
                                (no ring)
                                (no ring)

@: confused
A: almost no armour, stealthy swim, amphibious, 8 rings, constrict 8, camouflage
1, gelatinous body 1
a: no special abilities


You were on level 2 of the Dungeon.
You were hungry.

You visited 1 branch of the dungeon, and saw 2 of its levels.

You collected 72 gold pieces.

Inventory:

Armour
 a - a +0 hat (worn)
Jewellery
 j - an uncursed ring of resist corrosion {unknown}
   (You found it on level 2 of the Dungeon)
Scrolls
 b - 2 scrolls of identify {unknown}
 c - a scroll of teleportation {unknown}
 d - a scroll of magic mapping {unknown}
 f - 2 scrolls of enchant armour {unknown}
 g - a scroll of remove curse {unknown}
 i - a scroll of enchant weapon {unknown}
Potions
 h - a potion of cancellation {unknown}
 k - 2 potions of brilliance {unknown}
 l - a potion of ambrosia {unknown}
Comestibles
 e - 2 rations {!d}


   Skills:
 + Level 1.4 Fighting
 - Level 2.0 Dodging
 - Level 2.6 Stealth
 - Level 3.0 Spellcasting
 * Level 2.7 Conjurations
 + Level 1.4 Summonings
   Level 1.0 Translocations


You had 5 spell levels left.
You knew the following spells:

 Your Spells              Type           Power        Failure   Level  Hunger
a - Magic Dart            Conj           ##..         4%          1    None
x - Call Imp              Summ           #.......     11%         2    ##.....

Your spell library contained the following spells:

 Spells                   Type           Power        Failure   Level  Hunger
 Blink                    Tloc           N/A          13%         2    ##.....
 Slow                     Hex            #.......     21%         2    ##.....
 Conjure Flame            Conj/Fire      #.......     22%         3    ###....
 Mephitic Cloud           Conj/Pois/Air  #.......     28%         3    ###....


Dungeon Overview and Level Annotations

Branches:
Dungeon (2/15)

Altars:
Okawaru

Annotations:
D:2 Sigmund


Innate Abilities, Weirdness & Mutations

You cannot wear most types of armour.
You are very stealthy in the water. (Stealth+)
You are amphibious.
You can wear up to eight rings at the same time.
You can use your tentacles to constrict eight enemies at once.
Your skin changes colour to match your surroundings (Stealth+).
Your rubbery body absorbs attacks. (AC +1, EV +1)


Message History

Your shadow imp misses Sigmund.
Your shadow imp hits Sigmund.
Your white imp closely misses Sigmund.
Sigmund hits your shadow imp with a +0 scythe!
Your shadow imp dies!
Your shadow imp barely misses Sigmund.
Your white imp gestures at Sigmund.
The puff of frost hits Sigmund.
Your shadow imp closely misses Sigmund.
Sigmund casts a spell at your white imp.
Your white imp appears confused.
Your white imp barely misses Sigmund.
Your shadow imp hits Sigmund.
Sigmund hits your white imp with a +0 scythe!
Your white imp dies!
Sigmund shouts!
Aim: Sigmund, wielding a +0 scythe and wearing a +0 robe (severely wounded)
The magic dart hits Sigmund but does no damage.
Your shadow imp hits Sigmund.
Aim: Sigmund, wielding a +0 scythe and wearing a +0 robe (severely wounded)
The magic dart hits Sigmund but does no damage.
Sigmund hits you from afar with a +0 scythe!
You don't have enough magic to cast that spell.
You don't have enough magic to cast that spell.
Your shadow imp hits Sigmund but does no damage.
Your shadow imp disappears in a puff of smoke!
Sigmund says, "Your kind have come here before.
I understand now why.
You desire death..."
Sigmund casts a spell at you.
You are confused.
Sigmund laughs darkly.
You aren't carrying any items that you can evoke.
Unknown command.
You bump into the rock wall.
Sigmund casts a spell at you. The magic dart hits you.
* * * LOW HITPOINT WARNING * * *
You feel less confused.
Sigmund mumbles some strange words.
Sigmund flickers and vanishes!
Deactivating autopickup; reactivate with Ctrl-A.
Something hits you.
* * * LOW HITPOINT WARNING * * *
You are confused.
You bump into the translucent rock wall.
You bump into the translucent rock wall.
You hear some strange, mumbled words.
A magic dart appears from out of thin air!
The magic dart hits you!
* * * LOW HITPOINT WARNING * * *
Something hits you.
You die...

############ #..........#
#.##.##.##.###
######.##.##.##.#.## #
#......##....##..#.###
##.####.##.##.##.#..>..
##...###....##......##.#
##.....#@..........###.##
##..............####.#.###
##..#..........#..###)....#
##..##..........##..##.....#
#....................#.<...#
##.......≈≈≈≈≈≈...........[.#
#.......≈≈####≈≈.....)......#
#.......≈## ##≈.....####.###
#.#.....≈# #≈....### #....


There were no monsters in sight!

Vanquished Creatures
  2 oozes (D:1)
  2 dart slugs (D:1)
  A leopard gecko (D:1)
  A giant cockroach (D:1)
  4 goblins
  4 hobgoblins
  A quokka (D:2)
  2 bats
  2 frilled lizards (D:1)
  4 kobolds
  9 rats
32 creatures vanquished.

Vanquished Creatures (collateral kills)
  A worm (D:2)
1 creature vanquished.

Grand Total: 33 creatures vanquished

Notes
Turn   | Place    | Note
-------+----------+-------------------------------------------
     0 | D:1      | Norn the Octopode Wizard began the quest for the Orb.
     0 | D:1      | Reached XP level 1. HP: 11/11 MP: 4/4
   160 | D:1      | Reached XP level 2. HP: 11/18 MP: 0/6
   267 | D:1      | Learned a level 2 spell: Call Imp
   315 | D:1      | Reached skill level 1 in Fighting
   506 | D:1      | Reached XP level 3. HP: 18/23 MP: 1/7
  1117 | D:2      | Found an iron altar of Okawaru.
  1214 | D:2      | Noticed Sigmund
  1444 | D:2      | HP: 1/23 [something/magic dart (10)]
  1445 | D:2      | Slain by Sigmund

Skill      XL: |  1  2 |
---------------+-------+-----
Fighting       | 1 |  1.4
Conjurations   | 2 |  2.7
Dodging        | |  2.0
Stealth        | |  2.6
Spellcasting   | |  3.0
Summonings     | |  1.4
Translocations | |  1.0

Action                   || total
-------------------------++-------
Melee: Unarmed           ||    24
       Constrict         ||     6
       Tentacles         ||     2
 Cast: Magic Dart        ||    78
       Call Imp          ||     7
 Stab: Distracted        ||     1
  Eat: Chunk             ||     1
Armor: Skin              ||     2
Dodge: Dodged            ||    15
